Cogmind - Beta 16 @@@ ROGUE MODE // 2025.10.22 @ 22:07:46 Player: Aklangi Result: Destroyed by D-53 Grenadier with Mini Grenade Launcher Performance ------------- Evolutions (0) 0 Regions Visited (4) 800 Robots Destroyed (20) 100 Value Destroyed (497) 497 Prototype IDs (4) 80 Alien Tech Used (0) 0 Bonus (300) 300 TOTAL SCORE: 1777 Bonus ------- Aligned with FarCom 300 Cogmind --------- Core Integrity 0/250 Matter 91/300 Energy 21/100 System Corruption 4% Temperature Cool (0) Movement Core (200) Ox3 Location -9/Mines Parts ------- > --- POWER (1) -------- (None) > --- PROPULSION (2) --- Aluminum Leg > --- UTILITY (2) ------ Medium Storage Unit > --- WEAPON (2) ------- (None) > --- INVENTORY (10) --- Aluminum Leg Small Storage Unit Large Storage Unit YOLO Cannon Grenade Launcher Mining Laser Peak State ------------ > --- POWER ------------ Light Ion Engine > --- PROPULSION ------- Aluminum Leg Aluminum Leg > --- UTILITY ---------- Improved Heat Sink Medium Storage Unit > --- WEAPON ----------- YOLO Cannon > --- INVENTORY -------- Aluminum Leg Aluminum Leg Wheel Small Storage Unit Large Storage Unit Small Laser Grenade Launcher Mining Laser [Rating: 27] Favorites ----------- Power Light Ion Engine Engine Light Ion Engine Propulsion Aluminum Leg Leg Aluminum Leg Wheel Wheel Utility Medium Storage Unit Device Improved Heat Sink Storage Medium Storage Unit Protection Backup Plating I Weapon Small Laser Energy Gun Small Laser Energy Cannon YOLO Cannon Launcher Grenade Launcher Build | -11 -10 -10 -10 -9 ------- Run | Yrd Mat Min Exi Min Slots Evolved . | . . . . . Power . | . . . . . Propulsion . | . . . . . Utility . | . . . . . Weapon . | . . . . . Parts Attached 19 | 6 9 2 1 1 Power 4 | 1 3 . . . Engine 4 | 1 3 . . . Core . | . . . . . Reactor . | . . . . . Propulsion 6 | 2 2 1 . 1 Treads . | . . . . . Leg 5 | 2 2 1 . . Wheel 1 | . . . . 1 Hover . | . . . . . Flight . | . . . . . Utility 3 | 1 1 1 . . Device 1 | . . 1 . . Storage 2 | 1 1 . . . Processor . | . . . . . Hackware . | . . . . . Protection . | . . . . . Artifact . | . . . . . Weapon 6 | 2 3 . 1 . Energy Gun 4 | 2 2 . . . Energy Cannon 1 | . . . 1 . Ballistic Gun . | . . . . . Ballistic Cannon . | . . . . . Launcher 1 | . 1 . . . Special Weapon . | . . . . . Impact Weapon . | . . . . . Slashing Weapon . | . . . . . Piercing Weapon . | . . . . . Special Melee Weapon . | . . . . . Unidentified Prototypes 1 | . . . 1 . Parts Lost 11 | . 3 2 . 6 Power 3 | . 1 1 . 1 Propulsion 3 | . . . . 3 Utility 2 | . . 1 . 1 Weapon 3 | . 2 . . 1 Highest Loss Streak 6 | . 2 2 . 6 To Critical Strikes . | . . . . . Average Backups 5 | 1 3 6 7 7 Power . | . . . . . Propulsion 2 | . 1 2 3 2 Utility 1 | . . 2 2 2 Weapon 1 | . . 2 2 3 Tool/Special . | . . . . . Unused Backups 4 | . . 1 . 3 Power . | . . . . . Propulsion 2 | . . 1 . 1 Utility 1 | . . . . 1 Weapon 1 | . . . . 1 Tool/Special . | . . . . . Average Slot Usage (%) 89 | . 90 98 89 81 Engine 13 | . 14 13 14 13 Leg 27 | . 28 28 28 26 Device 7 | . . 11 14 12 Storage 14 | . 14 14 14 14 Protection 3 | . 7 1 . . Energy Gun 13 | . 18 28 8 . Energy Cannon 5 | . . . 9 14 Launcher 2 | . 6 . . . Peak Build Rating 27 | 6 7 9 27 27 Average Rating 13 | 3 6 8 21 25 On Entrance 9 | . 6 7 9 27 Avg Prop Armor Cover (%) 9 | . . . . 9 Naked Turns . | . . . . . Heaviest Build 32 | 14 18 16 32 32 Greatest Support 20 | 20 20 20 20 20 Greatest Overweight (x) 3 | 1 . . 1 3 Average Overweight (x) . | . . . . 1 Largest Inventory Capacity 10 | 8 10 10 10 10 Average Capacity 9 | 6 8 10 10 10 Most Carried 10 | 5 7 8 10 8 Average Carried 5 | 1 4 6 7 7 Final Capacity 10 | 8 10 10 10 10 Final Carried 8 | 2 7 7 8 7 Class Distribution -------------------- 71% | Mutant 28% | Scavenger-Mutant Dominant Class ---------------- Mutant | -10/Materials Scavenger-Mutant | -10/Mines Mutant | -10/Exiles Mutant | -9/Mines Resources | -11 -10 -10 -10 -9 ----------- Run | Yrd Mat Min Exi Min Matter Collected 376 | 90 286 . . . Remotely . | . . . . . Salvage Created 739 | . 564 92 . 83 Parts 26 | . 23 3 . . Haulers Intercepted 1 | . 1 . . . Recyclers Shooed 3 | . 3 . . . Parts Field Recycled . | . . . . . Retrieved Matter . | . . . . . Parts Self-Destructed . | . . . . . Prevented . | . . . . . Parts Restored . | . . . . . Kills | -11 -10 -10 -10 -9 ------- Run | Yrd Mat Min Exi Min Combat Hostiles Destroyed 22 | . 9 2 . 11 Guns 7 | . 5 2 . . Cannons 1 | . . . . 1 AOE 14 | . 4 . . 10 Classes Destroyed 8 | . 7 . . 1 Worker 2 | . 2 . . . Tunneler 1 | . 1 . . . Hauler 1 | . 1 . . . Recycler 2 | . 2 . . . Operator 1 | . 1 . . . Watcher 2 | . 2 . . . Grunt 11 | . 9 2 . . Assembled 11 | . . . . 11 Best Kill Streak 11 | . 6 2 . 11 Combat Bots Only 11 | . 2 2 . 11 Max Kills in Single Turn 5 | . 2 1 . 5 Gunslinging . | . . . . . Exploded 5 | . 1 . . 5 Melee . | . . . . . Uniques/NPCs Destroyed . | . . . . . Combat | -11 -10 -10 -10 -9 -------- Run | Yrd Mat Min Exi Min Hostile Shots Fired 112 | . 59 12 . 41 Missed 34 | . 17 3 . 14 Hits 78 | . 42 9 . 27 Melee 9 | . . . . 9 Projectile 69 | . 42 9 . 18 AOE 1 | . . . . 1 Critical Strikes 1 | . . . . 1 Damage Taken 1366 | . 600 107 . 659 Core 255 | . 102 22 . 131 Absorbed by Shields . | . . . . . Core Remaining (%) 100 | 100 . . . . Volleys Fired 56 | . 44 7 . 5 Largest 2 | . 2 2 . 1 Hottest 100 | . 90 80 . 100 Shots Fired 85 | . 66 14 . 5 Gun 59 | . 44 14 . 1 Cannon 4 | . . . . 4 Launcher 22 | . 22 . . . Special . | . . . . . Kinetic . | . . . . . Thermal 51 | . 32 14 . 5 Explosive 22 | . 22 . . . Electromagnetic 12 | . 12 . . . Robot Hit Streak 6 | . 6 6 . 5 Robot Miss Streak 3 | . 3 1 . . Penetration Max . | . . . . . Secondary Targets 1 | . . 1 . . Max Gunslinging Chain 1 | . . 1 . . Shots Hit Robots 52 | . 39 11 . 2 Core Hits 48 | . 35 4 . 9 Critical Kills . | . . . . . Critical Parts Destroyed . | . . . . . Critical Strikes 3 | . 3 . . . Burn 2 | . 2 . . . Corrupt 1 | . 1 . . . Melee Attacks . | . . . . . Impact . | . . . . . Slashing . | . . . . . Piercing . | . . . . . Sneak Attacks . | . . . . . Combat Hostiles . | . . . . . Follow-up Attacks . | . . . . . Damage Inflicted 2355 | . 1129 120 . 1106 Guns 491 | . 360 120 . 11 Cannons 134 | . . . . 134 Explosions 1730 | . 769 . . 961 Melee . | . . . . . Ramming . | . . . . . Kinetic . | . . . . . Thermal 1461 | . 235 120 . 1106 Explosive 769 | . 769 . . . Electromagnetic 125 | . 125 . . . Impact . | . . . . . Slashing . | . . . . . Piercing . | . . . . . Highest Corruption 4 | . . . . 4 Average Corruption 4 | . . . . 4 Corruption Purged . | . . . . . Corruption Blocked . | . . . . . Overload Shots . | . . . . . Overflow Damage 213 | . . . . 213 Projectiles 94 | . . . . 94 Explosions 119 | . . . . 119 Melee . | . . . . . Knockbacks . | . . . . . Impact . | . . . . . Kinetic . | . . . . . Secondary . | . . . . . Self-Inflicted Damage 95 | . 31 . . 64 Shots 3 | . 2 . . 1 Rammed . | . . . . . Targets Rammed . | . . . . . Kicked . | . . . . . Crushed . | . . . . . Highest Temperature 262 | . 262 157 . 40 Average Temperature 87 | . 86 100 . 30 Received Heat Transfer 375 | . 315 60 . . Effects 1 | . 1 . . . Interference 1 | . 1 . . . Siege Activations . | . . . . . Martial Activations . | . . . . . Shielding Activations . | . . . . . Robots Disrupted . | . . . . . Combat Hostiles . | . . . . . Robots Corrupted . | . . . . . Combat Hostiles . | . . . . . Parts Fried 1 | . 1 . . . Impact Corruptions . | . . . . . Robots Melted . | . . . . . Combat Hostiles . | . . . . . Parts Melted 3 | . 1 2 . . Heat Transferred 2360 | . 780 275 . 1305 Parts Sabotaged . | . . . . . Parts Stolen . | . . . . . Parts Stripped . | . . . . . Power Chain Reactions . | . . . . . Alert | -11 -10 -10 -10 -9 ------- Run | Yrd Mat Min Exi Min Maximum Alert Level . | . . . . . Low Security (%) 100 | 100 100 100 . 100 Level 1 . | . . . . . Level 2 . | . . . . . Level 3 . | . . . . . Level 4 . | . . . . . Level 5 . | . . . . . High Security . | . . . . . Max Security . | . . . . . Peak Influence 173 | . 173 69 . 15 Initial 39 | . . 39 . . Average 63 | . 89 36 . 1 Influence Increases 485 | . 393 50 . 42 Destroy 0b10 Robot/C 220 | . 180 40 . . Destroy 0b10 Robot/NC 45 | . 45 . . . Destroy Leader 56 | . 46 10 . . Successful Hack 16 | . 16 . . . Destroy Structure 133 | . 91 . . 42 Lose Combat Pursuer 15 | . 15 . . . Influence Decreases 485 | . 292 151 . 42 Entered New Map 62 | . . 62 . . Time Decay 351 | . 262 69 . 20 Lost Part 72 | . 30 20 . 22 Squads Dispatched 2 | . 2 . . . Investigation . | . . . . . Extermination . | . . . . . Reinforcement 2 | . 2 . . . Assault . | . . . . . Garrison . | . . . . . Intercept . | . . . . . Searches Triggered . | . . . . . Construction Impeded . | . . . . . Haulers Reinforced . | . . . . . Active Scanning Responses . | . . . . . Cargo Convoy Interrupts . | . . . . . Stealth | -11 -10 -10 -10 -9 --------- Run | Yrd Mat Min Exi Min Distress Signals . | . . . . . Communications Jammed . | . . . . . Distress Signals . | . . . . . Times Spotted 39 | . 18 2 . 19 Peak Tracking Total 19 | . 3 2 . 19 Tactical Retreats 1 | . 1 . . . Traps | -11 -10 -10 -10 -9 ------- Run | Yrd Mat Min Exi Min Traps Triggered . | . . . . . Indirectly . | . . . . . Trap Hack Attempts . | . . . . . Triggered . | . . . . . Disarmed . | . . . . . Reprogrammed . | . . . . . Reused . | . . . . . Traps Extracted . | . . . . . Installed . | . . . . . Triggered . | . . . . . Machines | -11 -10 -10 -10 -9 ---------- Run | Yrd Mat Min Exi Min Machines Disabled . | . . . . . Max in Single Turn . | . . . . . Machines Repaired . | . . . . . Machines Dismantled . | . . . . . Machines Sabotaged . | . . . . . Overloaded Fab Kills . | . . . . . Hacking | -11 -10 -10 -10 -9 --------- Run | Yrd Mat Min Exi Min Machines Accessed 6 | . 6 . . . Terminals 4 | . 4 . . . Fabricators . | . . . . . Repair Stations 1 | . 1 . . . Recycling Units 1 | . 1 . . . Scanalyzers . | . . . . . Garrison Access . | . . . . . Total Hacks 16 | . 16 . . . Successful 9 | . 9 . . . Failed 7 | . 7 . . . Catastrophic . | . . . . . Database Lockouts . | . . . . . Manual 2 | . 1 . 1 . Terminals 11 | . 11 . . . Fabricators . | . . . . . Repair Stations 3 | . 3 . . . Recycling Units 2 | . 2 . . . Scanalyzers . | . . . . . Garrison Access . | . . . . . Terminal Hacks 5 | . 5 . . . Prototype ID Bank 2 | . 2 . . . Alert Level 1 | . 1 . . . Locate Traps 1 | . 1 . . . Maintenance Status 1 | . 1 . . . Fabricator Hacks . | . . . . . Repair Station Hacks 2 | . 2 . . . Scan Component 1 | . 1 . . . Refit 1 | . 1 . . . Recycling Unit Hacks 2 | . 2 . . . Report Inventory 1 | . 1 . . . Retrieve Matter 1 | . 1 . . . Scanalyzer . | . . . . . Garrison Access Hacks . | . . . . . Unauthorized Hacks . | . . . . . Terminals . | . . . . . Fabricators . | . . . . . Repair Stations . | . . . . . Recycling Units . | . . . . . Scanalyzers . | . . . . . Garrison Access . | . . . . . Data Cores Recovered . | . . . . . Used . | . . . . . Hacking Detections 5 | . 5 . . . Full Trace Events 1 | . 1 . . . Feedback Events . | . . . . . Feedback Blocked . | . . . . . Robot Schematics Acquired . | . . . . . Robots Built . | . . . . . Authchips . | . . . . . Time . | . . . . . Total Robot Build Rating . | . . . . . Part Schematics Acquired . | . . . . . Parts Built . | . . . . . Authchips . | . . . . . Time . | . . . . . Total Part Build Rating . | . . . . . Part Studies Acquired . | . . . . . Parts Repaired . | . . . . . Time . | . . . . . Parts Recycled . | . . . . . Recycled Matter . | . . . . . Retrieved Matter . | . . . . . Retrieved Components . | . . . . . Parts Scanalyzed . | . . . . . Part Schematics Acquired . | . . . . . Parts Damaged . | . . . . . Bothacking | -11 -10 -10 -10 -9 ------------ Run | Yrd Mat Min Exi Min Used RIF Installer . | . . . . . Robots Hacked . | . . . . . Non-combat . | . . . . . Combat . | . . . . . Robot Hacks Applied . | . . . . . Relay Couplers Released . | . . . . . Fabnet Peak Effective % . | . . . . . Robots Rewired . | . . . . . Allies Hacked . | . . . . . Hacks Repelled . | . . . . . Allies | -11 -10 -10 -10 -9 -------- Run | Yrd Mat Min Exi Min Total Allies 2 | . . 2 . . Largest Group 2 | . . 2 2 . Highest-Rated Group 46 | . . 46 46 . Highest-Rated Ally 31 | . . 31 31 . Total Orders . | . . . . . Ally Attacks . | . . . . . Total Damage . | . . . . . Kills . | . . . . . Allies Corrupted . | . . . . . Allies Melted . | . . . . . Intel | -11 -10 -10 -10 -9 ------- Run | Yrd Mat Min Exi Min Active Infowar (turns) . | . . . . . Robot Analysis Total . | . . . . . Derelict Logs Recovered . | . . . . . Drone Launches . | . . . . . Drone Recoveries . | . . . . . Exploration | -11 -10 -10 -10 -9 ------------- Run | Yrd Mat Min Exi Min Turns Passed 1623 | 91 660 141 604 127 Spaces Moved 995 | 50 425 96 370 54 Core 18 | 17 . . . 1 Treads . | . . . . . Legs 973 | 33 425 96 370 49 Wheels 4 | . . . . 4 Hover . | . . . . . Flight . | . . . . . Fastest Speed 50 | 50 120 120 120 110 Average Speed 139 | 118 120 120 162 187 Slowest Speed 330 | 190 120 120 190 330 Overloaded Moves . | . . . . . Propulsion Burnouts . | . . . . . Robots Hopped . | . . . . . Potential Cave-ins . | . . . . . Cave-ins Triggered . | . . . . . Exploration Rate (%) 46 | 4 81 39 88 19 Regions Visited 4 Branch Regions 3 Pre-discovered Areas . | . . . . . Known Exits Taken . | . . . . . Unknown Exits Taken 4 | 1 1 1 1 . Scrap Searched . | . . . . . Spaces Dug . | . . . . . Terrain Destroyed 139 | . 93 . . 46 Melee . | . . . . . Projectile 2 | . . . . 2 AOE 137 | . 93 . . 44 Terrain Rammed . | . . . . . Walls Destroyed . | . . . . . Machines Disabled . | . . . . . Actions | -11 -10 -10 -10 -9 --------- Run | Yrd Mat Min Exi Min Total 1135 | 81 506 107 373 68 Wait 46 | 19 22 . . 5 Move 991 | 49 424 95 369 54 Hop . | . . . . . Pick Up 13 | 7 4 1 1 . Fast Attach 4 | 1 2 1 . . Attach 11 | 5 1 1 1 3 Detach 2 | . . . 1 1 Swap 7 | . 6 1 . . Drop 5 | . 3 1 1 . Fire 56 | . 44 7 . 5 Melee . | . . . . . Ram . | . . . . . Kick . | . . . . . Crush . | . . . . . Escape Stasis . | . . . . . Rewire . | . . . . . Trap . | . . . . . Miscellaneous . | . . . . . Route ------- -11/Scrapyard -10/Materials (discovered 3 exits: [*Mat] / [*Min x2]) -10/Mines -10/Exiles (discovered 2 exits: [*Min x2]) -9/Mines History --------- Turn | Location | Event 33 | -11/Scrapyard | Discovered new exit (range 16) 92 | -11/Scrapyard | Entered Materials 318 | -10/Materials | Build established: Mutant 331 | -10/Materials | Discovered new exit (range 11) 491 | -10/Materials | Discovered new exit (range 16) 621 | -10/Materials | Discovered new exit (range 4) 752 | -10/Materials | Entered Mines 888 | -10/Mines | Deemed a non-threat by the Exiles lab entrance 888 | -10/Mines | Discovered new exit (range 5) 893 | -10/Mines | Entered Exiles 893 | -10/Exiles | Accompanied by 2 allies 896 | -10/Exiles | Build established: Scavenger-Mutant 913 | -10/Exiles | Discovered new exit (range 15) 923 | -10/Exiles | Led the pair of lost Derelicts to a safe place 927 | -10/Exiles | Met 8R-AWN 947 | -10/Exiles | Met EX-HEX 992 | -10/Exiles | Met EX-BIN 1006 | -10/Exiles | Aligned with FarCom system 1007 | -10/Exiles | Given EX-Vault access code 1037 | -10/Exiles | Opened EX-Vault 1043 | -10/Exiles | Found Prototype Energy Cannon 1067 | -10/Exiles | Identified YOLO Cannon 1074 | -10/Exiles | Warned to stay clear of 0b10 Research branches 1129 | -10/Exiles | Met EX-DEC 1196 | -10/Exiles | Visited The Gauntlet 1354 | -10/Exiles | Build established: Mutant 1477 | -10/Exiles | Discovered new exit (range 14) 1497 | -10/Exiles | Left Exiles lab with YOLO Cannon 1497 | -10/Exiles | Entered Mines 1570 | -9/Mines | Assembled infested the area 1575 | -9/Mines | Assisted by a Guerilla fighting off Assembled 1591 | -9/Mines | Core integrity fell below 50% 1607 | -9/Mines | Core integrity fell below 20% 1624 | -9/Mines | Destroyed by D-53 Grenadier with Mini Grenade Launcher Last Messages --------------- 01606_ as-08959 destroyed. 01606_ Destroyed Asb. Hover Unit. 01606_ as-69894 destroyed. 01606_ Aluminum Leg destroyed. 01606_ Destroyed Aluminum Leg. 01606_ Imp. Heat Sink destroyed. 01606_ Destroyed Imp. Heat Sink. 01606_ as-52730 destroyed. 01609_ K-01 Serf collects debris. 01613_ Lgt. Ion Engine destroyed. 01613_ as-17394 sneak attacks. 01613_ K-01 Serf destroyed. 01618_ K-01 Serf collects debris. 01623_ Wheel destroyed. 01623_ System corrupted by crushing effect (+4). 01623_ Knocked back. 01624_ as-74810 destroyed. 01624_ as-17394 destroyed. 01624_ Sml. Laser destroyed. [Achievement: Back For More] Map ----- +----------------------------------------------------+ | ?????????????????????????????????????????????????? | | ?????????????????????????????????????????????????? | | ?????????????????????????????????????????????????? | | ?????????????????????????????????????????????????? | | ?????????????????????????????????????????????????? | | ?????????????????????????????????????????????????? | | ?????????????????????????????????????????????????? | | ?????????????????????????????????????????????????? | | ?????????????????????????????????????????????????? | | ?????????????????????????????????????????????????? | | ?????????????????????????????????????????????????? | | ?????????????????????????????????????????????????? | | ?????????????????????????????????????????????????? | | ?????????????????????????????????????????????????? | | ?????????????????????????????????????????????????? | | ?????????????????????????????????????????????????? | | ?????????????????????????#####???????????????????? | | ????????????????????????## ##???#??????????????? | | ????????????????????????# ### #??????????????? | | ??????????????????????### #??????????????? | | ?????########?????????# %= ;####?????????????? | | ?????# #????# #### ;; "#?????????????? | | ?????# #????# $ % a% "## #???????? | | ?????# ########### % ; % d d=!| #???????? | | ?????# #????# " % *=%###???????? | | ?????# ### ###???# @##" " !!#?????????? | | ?????########?# #???# " % #?????????? | | ??????????????### #??## # #?????????? | | ????????????????# #?## ###### % #?????????? | | ????????????????# ### #????## %"?????????? | | ????????????????# ## ##??????#" % #????????? | | ???????????????## # #???????? #???????? | | ??????????????## k #???????? ???????? | | ?????????????## #???????? "??????? | | ?????????????# ##???????? ???????? | | ????????????## #####????????? ?????????? | | ???????????## ##?????????????? ????????????? | | ???????????# ###?????????????????????????????? | | ??????????## ###???????????????????????????????? | | ??????????# ##?????????????????????????????????? | | ???????# ## ##?????????????????????????????????? | | ???????# #?????????????????????????????????? | | ???????# #????????????????????????????????? | | ???????## # #???????????????????????????????? | | ????????#### #???????????????????????????????? | | ???????????# #???????????????????????????????? | | ???????????## #???????????????????????????????? | | ????????????## ##???????????????????????????????? | | ??????????????###????????????????????????????????? | | ?????????????????????????????????????????????????? | +----------------------------------------------------+ Best States ------------- Heat Dissipation 39 Energy Generation 10 Energy Capacity 250 Matter Stores 220 Matter Capacity 300 Sight Range 16 Terrain Scan Density 10 Armor Coverage 80 Evasion (%) 55 Item Schematics ----------------- None Robot Schematics ------------------ None Fabricated ------------ Nothing Repaired ---------- Nothing Studied --------- None Alien Tech Used ----------------- None Achievements -------------- Back For More DATA ERROR: Steam Global Achievement% Fitting Room I Have A Map? Overwhelming Sixth Sense There's More Where That Came From Challenges ------------ None Game ------ Seed LightningHypercooledKit Manual? 0 Play Time 00:18:14 Cumulative 23.9 hours Start 2025.10.22 @ 11:52:48 End 2025.10.22 @ 22:07:46 Sessions 2 Manual Loads 0 Difficulty Rogue Special Mode None Game No. 50 Rogue 50 Adventurer 0 Explorer 0 Win Type - Total 1 Types 1/0/0/0/0/0/0/0/0/0 Lore% 26 Gallery% 34 Achievement% 20 Wizard Run 0 Options --------- Layout 0 ASCII 0 Keyboard 0 Movement Mouse Keybinds 0 Fullscreen 1 Font 18/SmallcapsGlow Map View 76x50 Zoom Use 0% Tactical HUD 1 Map Filters NONE Filters NONE Steam 1 RUN: 9fceb591-8673-4ae1-8ee0-20e3a85dc50a